 Dungeon Crawl Stone Soup version 0.30-a0-772-g5528072125 (webtiles) character file.

Game seed: 3128529070848435957

205 holysushi the Cutter (level 5, -3/27 HPs)
             Began as a Vine Stalker Monk on Feb 12, 2023.
             Slain by an orc wizard
             ... wielding a +0 dagger
              (4 damage)
             ... on level 3 of the Dungeon.
             The game lasted 00:03:32 (2828 turns).

holysushi the Cutter (Vine Stalker Monk)            Turns: 2828, Time: 00:03:33

Health: -3/27      AC:  2    Str: 14    XL:     5   Next: 83%
Magic:  0/6        EV: 12    Int: 10    God:
Gold:   194        SH:  4    Dex: 18    Spells: 4/4 levels left

rFire   . . .      SeeInvis .    a - +0 short sword
rCold   . . .      Faith    .    n - +0 buckler
rNeg    . . .      Spirit   +    r - +0 robe
rPois   .          Reflect  .    (no helmet)
rElec   .          Harm     .    (no cloak)
rCorr   .          Rampage  .    (no gloves)
Will    .....                    (no boots)
Stlth   ++                       i - amulet of the acrobat
HPRegen 1.04/turn                (no ring)
MPRegen 0.10/turn                (no ring)

@: no status effects
A: fangs 2, regeneration 1, magic shield, antimagic bite, no potion heal 2
a: no special abilities


You were on level 3 of the Dungeon.
You visited 1 branch of the dungeon, and saw 4 of its levels.

You collected 194 gold pieces.

Inventory:

Hand Weapons
 a - a +0 short sword (weapon)
 b - a +0 sling of electrocution
 o - a +0 dagger of venom
 u - a +0 rapier
Armour
 n - a +0 buckler (worn)
 r - a +0 robe (worn)
Jewellery
 i - an amulet of the acrobat (around neck)
 m - a ring of see invisible
 p - a +5 ring of evasion
Scrolls
 d - a scroll of vulnerability
 f - a scroll of magic mapping
 g - 2 scrolls of poison
Potions
 e - 3 potions of curing
 h - 2 potions of heal wounds
 k - a potion of lignification {unknown}
 q - a potion of magic {unknown}
 s - a potion of mutation {unknown}
 t - a potion of haste {unknown}


   Skills:
 - Level 2.6 Fighting
 * Level 5.4 Short Blades
 - Level 2.4 Dodging
 - Level 2.4 Stealth
 - Level 1.5 Shields


You had 4 spell levels left.
You didn't know any spells.
Your spell library contained the following spells:

 Spells                   Type           Power      Damage    Failure   Level
 Dazzling Flash           Conj/Hex       0%         N/A       83%         3
 Iskenderun's Mystic Bla  Conj/Tloc      0%         2d3       99%         4
 Starburst                Conj/Fire      0%         6d3       100%        6


Dungeon Overview and Level Annotations

Branches:
Dungeon (4/15) Zot: 21182
 Temple: D:4-7

Altars:

Shops:
D:1 (


Innate Abilities, Weirdness & Mutations

You have extremely sharp teeth.
Your natural rate of healing is unusually fast.
When hurt, damage is shared between your health and your magic reserves.
Your bite disrupts and absorbs the magic of your enemies.
Potions cannot restore your health.


Message History

You aren't carrying any items that you can evoke.
Unknown command.
Okay, then.
You aren't carrying any items that you can evoke.
Sorry, you're not good enough to have a special ability.
Unknown command.
You are confused.
Your system rejects the healing.
You feel invigorated.
The orc wizard mumbles some strange words.
The orc wizard flickers and vanishes!
Deactivating autopickup; reactivate with Ctrl-A.
The orc priest completely misses you. Something misses you.
The orc priest attacks as you move away!
The orc priest completely misses you. Something hits you.
* * * LOW HITPOINT WARNING * * *
You feel less invigorated.
You feel less confused.
The orc priest hits you but does no damage.
Something closely misses you.
There is a stone staircase leading up here.
The orc priest hits you with a +0 club. Something hits you.
* * * LOW HITPOINT WARNING * * *
You climb upwards.
Reactivating autopickup.
There is a stone staircase leading down here.
You closely miss the orc priest. You bite the orc priest. You drain its power.
The orc priest is severely wounded.
The orc priest invokes the aid of Beogh against you.
Pain shoots through your body! Something hits you.
* * * LOW HITPOINT WARNING * * *
Deactivating autopickup; reactivate with Ctrl-A.
You barely miss the orc priest.
The orc priest is severely wounded.
The orc priest invokes the aid of Beogh against you.
Beogh smites you!
* * * LOW HITPOINT WARNING * * *
Something hits you.
You die...

...........# ###...### #.####.
..........## ###...# #.#....
..........# ###.#####...##.
..........###########........###.
..###............................
..##................#..####.##...
..##..................###...#....
..##............{o..####..##...##
####.##...###..[@...##.....)..##
#.##..## #...........####..###
#.##..# #........#..# ##....#
#.##..# #.......#...###....##
#.##..# #.......#.........##
#.##..# #................####
###.##..####....................
#....................#.#).#####.
####.##..#####..†..........# ##.


You could see an orc priest.

Vanquished Creatures
  3 orc priests
  4 adders
  2 worms (D:3)
  4 dart slugs
  6 orcs (D:3)
  5 bats
  5 endoplasms
  A giant cockroach (D:1)
  6 goblins
  9 hobgoblins
  2 jackals (D:4)
  2 quokkas
  3 ball pythons (D:1)
  2 frilled lizards (D:1)
  4 kobolds
  4 rats
62 creatures vanquished.

Notes
Turn   | Place    | Note
-------+----------+-------------------------------------------
     0 | D:1      | holysushi the Vine Stalker Monk began the quest for the
                  | Orb.
     0 | D:1      | Reached XP level 1. HP: 11/11 MP: 2/2
    95 | D:1      | Reached skill level 3 in Short Blades
   193 | D:1      | Reached XP level 2. HP: 16/16 MP: 3/3
   367 | D:1      | Found Bourhionn's Weapon Emporium.
   846 | D:2      | Reached XP level 3. HP: 19/19 MP: 4/4
   964 | D:2      | Reached skill level 4 in Short Blades
  1460 | D:2      | Gained mutation: Your natural rate of healing is unusually
                  | fast. [Vine Stalker growth]
  1460 | D:2      | Reached XP level 4. HP: 16/23 MP: 3/5
  1758 | D:3      | Reached skill level 1 in Shields
  2095 | D:3      | Reached XP level 5. HP: 27/27 MP: 6/6
  2561 | D:3      | Reached skill level 5 in Short Blades
  2828 | D:3      | HP: 1/27 [orc priest/divine providence (7)]
  2828 | D:3      | Slain by an orc wizard

Illustrated notes

Levels and vault maps discovered:
D:1:      sevenhm_arrival_forest_fort_large_4, layout_rooms, serial_shops,
          nicolae_shop_bloodbath_and_beyond, dreamdust_wishing_well
D:2:      layout_basic
D:3:      layout_rooms, grunt_ministairs_11, chequers_serial_rivers_small_b,
          kennysheep_generic_room_6
D:4:      layout_loops_ring, nicolae_overflow_quartered_altars, fedhas_altar_1,
          lemuel_crystal_altar, uniq_blork_the_orc

Skill      XL: |  1  2  3  4  5 |
---------------+----------------+-----
Short Blades   | 3 4 5 |  5.4
Shields        | 1 |  1.5
Fighting       | |  2.6
Dodging        | |  2.4
Stealth        | |  2.4

Action                     |  1- 3 |  4- 6 || total
---------------------------+-------+-------++-------
  Melee: Short sword       |   119 |    54 ||   173
         Bite              |    28 |    16 ||    44
         Punch             |     1 |       ||     1
   Fire: Sling             |       |    46 ||    46
    Use: Scroll            |       |     6 ||     6
         Potion            |       |     1 ||     1
   Stab: Sleeping          |     7 |     1 ||     8
         Distracted        |     1 |       ||     1
 Armour: Robe              |    17 |    12 ||    29
  Dodge: Dodged            |    77 |    42 ||   119
  Block: Buckler           |     5 |    16 ||    21

Table legend: (Time is in decaauts)
 A = Elapsed time spent in this place.
 B = Non-inter-level travel time spent in this place.
 C = Inter-level travel time spent in this place.
 D = Time resting spent in this place.
 E = Time spent auto-exploring this place.
 F = Levels seen in this place.
 G = Mean time per level.
                   A        B        C        D        E       F      G
               +--------+--------+--------+--------+--------+-----+--------+
         Total |   2817 |   2685 |    132 |    475 |   1614 |   4 |  704.2 |
       Dungeon |   2817 |   2685 |    132 |    475 |   1614 |   4 |  704.2 |
               +--------+--------+--------+--------+--------+-----+--------+

Top non-repeatable levels by time:
     D:2: 1041 daAuts
     D:3: 848 daAuts
     D:1: 817 daAuts
     D:4: 109 daAuts
